 Dungeon Crawl Stone Soup version 0.29.1-15-g9cfb28693d (webtiles) character file.

Game seed: 14928113574498922938

36 Barneous the Ruffian (level 3, -1/26 HPs)
             Began as a Draconian Wanderer on Mar 24, 2023.
             Slain by a quokka (4 damage)
             ... on level 1 of the Dungeon.
             The game lasted 00:04:11 (1591 turns).

Barneous the Ruffian (Draconian Wanderer)           Turns: 1591, Time: 00:04:12

Health: -1/26      AC:  5    Str: 18    XL:     3   Next: 19%
Magic:  6/6        EV: 11    Int: 12    God:
Gold:   22         SH:  0    Dex:  8    Spells: 5/6 levels left

rFire   . . .      SeeInvis .   b - +0 short sword
rCold   . . .      Faith    .   (no shield)
rNeg    . . .      Spirit   .   (body armour unavailable)
rPois   .          Reflect  .   (helmet restricted)
rElec   .          Harm     .   (no cloak)
rCorr   .          Rampage  .   (no gloves)
Will    .....                   (no boots)
Stlth   +.........              (no amulet)
HPRegen 0.08/turn               (no ring)
MPRegen 0.10/turn               (no ring)

@: no status effects
A: AC +5, unfitting armour, cold-blooded
a: no special abilities


You were on level 1 of the Dungeon.
You visited 1 branch of the dungeon, and saw 1 of its levels.

You collected 22 gold pieces.

Inventory:

Hand Weapons
 b - a +0 short sword (weapon)
Missiles
 c - 9 poisoned darts
Scrolls
 d - a scroll of fear


   Skills:
 * Level 0.6 Short Blades
 * Level 2.2 Throwing
 * Level 1.2 Dodging
 * Level 1.0 Stealth
 + Level 3.2 Unarmed Combat
 + Level 2.0 Spellcasting
 * Level 0.8 Conjurations
 * Level 1.5 Evocations


You had 5 spell levels left.
You knew the following spells:

 Your Spells              Type           Power      Damage    Failure   Level
a - Foxfire               Conj/Fire      8%         2x1d4     22%         1

Your spell library contained the following spells:

 Spells                   Type           Power      Damage    Failure   Level
 Dazzling Flash           Conj/Hex       4%         N/A       56%         3


Dungeon Overview and Level Annotations

Branches:
Dungeon (1/15)

Altars:


Innate Abilities, Weirdness & Mutations

Your plain brown scales are hard. (AC +5)
You cannot fit into any form of body armour.
You are cold-blooded and may be slowed by cold attacks.


Message History

The quokka is heavily wounded.
The quokka closely misses you.
You closely miss the quokka.
The quokka is moderately wounded.
The quokka completely misses you.
You hit the quokka.
The quokka is moderately wounded.
The quokka completely misses you. The quokka bites you.
You barely miss the quokka.
Your tail-slap misses the quokka.
The quokka is moderately wounded.
The quokka bites you.
* * * LOW HITPOINT WARNING * * *
You miss the quokka.
The quokka is moderately wounded.
The quokka closely misses you.
You closely miss the quokka.
The quokka is moderately wounded.
The quokka barely misses you.
You barely miss the quokka.
The quokka is moderately wounded.
The quokka barely misses you. x2
You hit the quokka.
The quokka is severely wounded.
The quokka bites you but does no damage.
Throw: 10 darts (poison)
Press: ? - help, Shift-Dir - straight line, f - quokka
Aim: a quokka (severely wounded, 41% to hit)
You throw a poisoned dart.
The poisoned dart closely misses the quokka.
The quokka bites you.
* * * LOW HITPOINT WARNING * * *
You hit the quokka but do no damage.
Your tail-slap misses the quokka.
The quokka is severely wounded.
The quokka bites you.
* * * LOW HITPOINT WARNING * * *
You barely miss the quokka.
The quokka is severely wounded.
The quokka bites you but does no damage.
The quokka bites you.
You die...

### # .(. .
#.# .# #
#.##.#.# #
#r.....## ###.
#@.#>....
#...##.#....##
#.#.........#
##..##.#######
##.......# #..
#...P....# ...
#..P.P♣.[# #.
##.......## #.
##.......# #.


You could see a quokka.

Vanquished Creatures
  A dart slug (D:1)
  An endoplasm (D:1)
  2 giant cockroaches (D:1)
  5 hobgoblins (D:1)
  5 kobolds (D:1)
  4 ball pythons (D:1)
  A bat (D:1)
  9 frilled lizards (D:1)
  3 goblins (D:1)
  2 rats (D:1)
33 creatures vanquished.

Vanquished Creatures (others)
  37 foxfires (D:1)
  5 fungi (D:1)
42 creatures vanquished.

Grand Total: 75 creatures vanquished

Notes
Turn   | Place    | Note
-------+----------+-------------------------------------------
     0 | D:1      | Barneous the Draconian Wanderer began the quest for the
                  | Orb.
     0 | D:1      | Barneous set off with the following items: a +0 dagger, a
                  | potion of might, 10 poisoned darts, a scroll of fear, a
                  | potion of attraction; and the following spell memorised:
                  | Foxfire; and the following spells available to memorise:
                  | Dazzling Flash.
     0 | D:1      | Reached XP level 1. HP: 14/14 MP: 3/3
   204 | D:1      | Reached XP level 2. HP: 20/20 MP: 3/5
   916 | D:1      | Reached XP level 3. HP: 15/26 MP: 1/6
  1591 | D:1      | Slain by a quokka

Illustrated notes

Levels and vault maps discovered:
D:1:      minmay_arrival_solitary_statue, layout_loops_cross,
          shapermc_ecumenical_altar_acropolis, serial_park_tiny_2,
          dreamdust_mushroom_princess, grunt_decor_resistance,
          minmay_lizard_pond

Skill      XL: |  1  2 |
---------------+-------+-----
Throwing       | 2 |  2.2
Short Blades   | |  0.6
Dodging        | |  1.2
Stealth        | |  1.0
Unarmed Combat | |  3.2
Spellcasting   | |  2.0
Conjurations   | |  0.8
Evocations     | |  1.5

Action                   || total
-------------------------++-------
Melee: Dagger            ||    30
       Short sword       ||   121
       Tailslap          ||     8
       Punch             ||     1
Throw: Dart              ||     1
 Cast: Foxfire           ||    20
  Use: Potion            ||     3
 Stab: Sleeping          ||     1
Armor: Skin              ||    51
Dodge: Dodged            ||    93
